 Dungeon Crawl Stone Soup version 0.31-a0-799-g6bc09d010c (webtiles) character file.

Game seed: 3770965541874655660

508 kae the Cleaver (level 7, -1/57 HPs)
             Began as a Hill Orc Fighter on Sept 19, 2023.
             Succumbed to a scorpion's poison
             ... on level 5 of the Dungeon.
             The game lasted 00:02:08 (2940 turns).

kae the Cleaver (Hill Orc Fighter)                  Turns: 2940, Time: 00:02:09

Health: -1/57      AC:  8    Str: 21    XL:     7   Next: 18%
Magic:  7/7        EV:  9    Int:  8    God:
Gold:   176        SH:  4    Dex: 10    Spells: 6/6 levels left

rFire   . . .        a - +1 war axe
rCold   . . .        c - +0 buckler
rNeg    . . .        b - +0 scale mail
rPois   .            (helmet restricted)
rElec   .            (no cloak)
rCorr   .            (no gloves)
SInv    .            m - +0 pair of boots
Will    .....        (no amulet) Stlth
                     (no ring)
HPRegen 0.29/turn    (no ring)
MPRegen 0.10/turn

%: no passive effects
@: lethally poisoned (-1 -> -16)
A: hooves 2, horns 1
a: no special abilities


You were on level 5 of the Dungeon.
You visited 1 branch of the dungeon, and saw 5 of its levels.

You collected 176 gold pieces.


Innate Abilities, Weirdness & Mutations

You have hoof-like feet.
You have a pair of small horns on your head.


   Skills:
 - Level 3.6 Fighting
 + Level 10.0 Axes
 - Level 3.2 Armour
 - Level 3.2 Shields


You had 6 spell levels left.
You didn't know any spells.
Your spell library contained the following spells:

 Spells                   Type           Power      Damage    Failure   Level
 Necrotise                Necr           0%         1d4       82%         1
 Blink                    Tloc           0%         N/A       91%         2
 Vampiric Draining        Necr           0%         2d6       99%         3
 Manifold Assault         Tloc           0%         N/A       100%        4
 Agony                    Necr           0%         N/A       100%        5

Inventory:

Hand Weapons
 a - a +1 war axe (weapon)
Missiles
 e - 40 stones
 f - 8 poisoned darts
 k - 3 boomerangs
Armour
 b - a +0 scale mail (worn)
 c - a +0 buckler (worn)
 m - a +0 pair of boots (worn)
   (You found it on level 1 of the Dungeon)
Jewellery
 P - a ring of poison resistance
   (You found it on level 5 of the Dungeon)
Wands
 p - a wand of flame (16)
   (You found it on level 2 of the Dungeon)
 t - a wand of light (17)
   (You took it off Ijyb on level 3 of the Dungeon)
Scrolls
 o - 2 scrolls of immolation {!r!r}
 s - a scroll of blinking {!r}
Potions
 d - a potion of might
 g - a potion of enlightenment
 i - a potion of invisibility {unknown}
 j - a potion of cancellation
 l - a potion of berserk rage {unknown}
 n - 2 potions of curing {unknown}
 q - a potion of haste {unknown}
 r - 2 potions of mutation {!q}
 u - a potion of lignification {unknown}

Dungeon Overview and Level Annotations

Branches:
Dungeon (5/15) Zot: 26839
 Temple: D:4-7

Altars:

Annotations:
D:3 1 runed translucent door, Maratek's ghost, amateur OpFi

.............#....
#................
#...............#
+..<.# .........#
##...# .........#
##...# .........##
##...# ..........+
.....# ..?.....†.#
###..# #####....@#
.....# #.....#
####.# #####.#
.....# #.# ######
#.. ###


There were no monsters in sight!


Message History

You block the adder's attack.
You closely miss the adder. The adder barely misses you.
An adder is nearby!
An adder is nearby!
You miss the adder. The adder closely misses you. The adder barely misses you.
You hit the adder.
The adder bites you but does no damage. 😕 HP[+1]
An adder is nearby!
You slash the adder!
You kill the adder!
No target in view!
You now have 176 gold pieces (gained 11).
A gnoll comes into view. It is wielding a +0 flail.
The gnoll shouts!
You hear a shout!
Something shouts, "Slither home, thou peaked swag-bellied swadder!"
The gnoll moves out of view. 😎 HP[+2]
Your hp is fully restored (57).
No target in view!
No target in view!
A gnoll sergeant comes into view. It is wielding a +0 spear.
A white imp comes into view.
A gnoll comes into view. It is wielding a +2 whip of holy wrath.
A gnoll comes into view. It is wielding a +0 club.
The gnoll shouts!
There are monsters nearby!
You closely miss the gnoll. You block the gnoll's attack.
You hit the gnoll. You block the gnoll sergeant's attack.
A sleepcap comes into view.
The gnoll hits you with a +0 flail. 😕 HP[-2]
You take 2 damage, and now have 55/57 hp.
There are monsters nearby!
You barely miss the gnoll. The gnoll hits you with a +0 flail.
The gnoll sergeant hits you from afar with a +0 spear.
You slash the gnoll!
You kill the gnoll!
You barely miss the white imp.
The white imp hits you but does no damage.
The gnoll sergeant hits you from afar with a +0 spear!
The gnoll hits you but does no damage.
The gnoll sergeant hits you from afar with a +0 spear.
The white imp barely misses you. 😮 HP[-22]
You take 22 damage, and now have 33/57 hp.
MASSIVE DAMAGE!! (PAUSE)
Okay, then.
The gnoll sergeant attacks as it pursues you!
The gnoll sergeant hits you from afar with a +0 spear!
* * * LOW HITPOINT WARNING * * *
😨 HP[-7]
You take 7 damage, and now have 26/57 hp.
As you read the scroll of teleportation {@r4}, it crumbles to dust.
You feel strangely unstable. 😨 HP[+1]
Your surroundings suddenly seem different.
A scorpion comes into view. 😨 HP[+1]
The scorpion stings you but does no damage.
Unknown command.
You hit the scorpion but do no damage. The scorpion stings you.
* * * LOW HITPOINT WARNING * * *
You are poisoned.
The scorpion poisons you!
The scorpion stings you but does no damage.
You hit the scorpion.
You feel very sick. The scorpion stings you.
* * * LOW HITPOINT WARNING * * *
You are more poisoned.
The scorpion poisons you! 😨 HP[-6]
You take 6 damage, and now have 22/57 hp.
You hit the scorpion.
* * * LOW HITPOINT WARNING * * *
You feel very sick. The scorpion stings you.
* * * LOW HITPOINT WARNING * * *
You are more poisoned.
The scorpion poisons you! 😱 HP[-9]
You take 9 damage, and now have 13/57 hp.
You hit the scorpion.
* * * LOW HITPOINT WARNING * * *
You feel very sick. The scorpion stings you.
* * * LOW HITPOINT WARNING * * *
😱 HP[-7]
You take 7 damage, and now have 6/57 hp.
You hit the scorpion.
You kill the scorpion!
* * * LOW HITPOINT WARNING * * *
You feel very sick.
Your Axes skill increases to level 10! 😱 HP[-3]
You take 3 damage, and now have 3/57 hp.
It was a potion of mutation.
You feel extremely strange.
Your feet thicken and deform.
A pair of horns grows on your head!
Your feet thicken and deform.
You die...

Skill      XL: |  1  2  3  4  5  6  7 |
---------------+----------------------+-----
Axes           | 3 4 5 6 8 9 10 | 10.0
Fighting       | |  3.6
Armour         | |  3.2
Shields        | |  3.2

Action                     |  1- 3 |  4- 6 |  7- 9 || total
---------------------------+-------+-------+-------++-------
  Melee: War axe           |    80 |   174 |    16 ||   270
  Evoke: Wand              |       |     1 |       ||     1
    Use: Scroll            |     4 |     6 |     1 ||    11
         Potion            |       |       |     1 ||     1
 Armour: Scale mail        |    59 |   110 |    17 ||   186
  Dodge: Dodged            |    71 |    61 |     5 ||   137
  Block: Buckler           |    22 |    33 |     4 ||    59

Levels and vault maps discovered:
D:1:      minmay_arrival_widening_spiral_wide, layout_loops_ring,
          shapermc_ecumenical_altar_mp_ritualfount, minmay_statues_item,
          minmay_domino_2
D:2:      layout_rooms, grunt_ministairs_9
D:3:      layout_rooms, gammafunk_ghost_grave, minmay_rat_hole, uniq_ijyb
D:4:      layout_basic, nicolae_overflow_hidden_temple, uniq_blork_the_orc
D:5:      layout_basic, minivault_26, corexii_leaking_fountain, corexii_shack,
          uniq_menkaure, uniq_sigmund

Notes
Turn   | Place    | Note
-------+----------+-------------------------------------------
     0 | D:1      | kae the Hill Orc Fighter began the quest for the Orb.
     0 | D:1      | Reached XP level 1. HP: 19/19 MP: 1/1
     0 | D:1      | magus.rc [v1.11.3]
   110 | D:1      | Reached skill level 3 in Axes
   153 | D:1      | Reached XP level 2. HP: 26/26 MP: 2/2
   367 | D:1      | Reached skill level 4 in Axes
   379 | D:1      | Found a faded altar of an unknown god.
   407 | D:1      | Reached XP level 3. HP: 27/31 MP: 3/3
   660 | D:2      | Reached skill level 5 in Axes
   673 | D:2      | Identified the +0 leather armour of Fuzzy Contentment {rF+}
   828 | D:2      | Reached XP level 4. HP: 36/39 MP: 4/4
  1039 | D:2      | Reached skill level 6 in Axes
  1088 | D:2      | You add the spells Blink and Manifold Assault to your
                  | library.
  1281 | D:3      | Noticed Ijyb
  1287 | D:3      | HP: 9/39 [Ijyb/+0 dagger (1)]
  1290 | D:3      | Killed Ijyb
  1499 | D:3      | Reached XP level 5. HP: 45/45 MP: 5/5
  1655 | D:3      | Reached skill level 7 in Axes
  1720 | D:3      | Found a runed translucent door.
  1720 | D:3      | Noticed Maratek's ghost (amateur OpFi)
  1789 | D:4      | Noticed Blork the orc
  1800 | D:4      | Killed Blork the orc
  1801 | D:4      | Reached skill level 8 in Axes
  1801 | D:4      | Reached XP level 6. HP: 45/51 MP: 6/6
  2012 | D:4      | Reached skill level 9 in Axes
  2142 | D:4      | You pick up a book of Necromancy and begin reading...
  2142 | D:4      | You add the spells Necrotise, Vampiric Draining and Agony
                  | to your library.
  2781 | D:5      | Entered Level 5 of the Dungeon
  2835 | D:5      | Reached XP level 7. HP: 36/57 MP: 7/7
  2937 | D:5      | HP: 13/57 [scorpion (4)]
  2938 | D:5      | HP: 6/57 [scorpion (1)]
  2940 | D:5      | Reached skill level 10 in Axes
  2940 | D:5      | Gained mutation: You have large cloven feet. [potion of
                  | mutation]
  2940 | D:5      | Gained mutation: You have a pair of small horns on your
                  | head. [potion of mutation]
  2940 | D:5      | Gained mutation: You have hoof-like feet. [potion of
                  | mutation]
  2940 | D:5      | Succumbed to a scorpion's poison

Vanquished Creatures
  An ogre (D:4)
  Blork the orc (D:4)
  A scorpion (D:5)
  A howler monkey (D:4)
  A hound (D:5)
  Ijyb (D:3)
  An orc wizard (D:3)
  4 gnolls
  5 adders
  3 dart slugs
  2 orcs (D:3)
  8 bats
  3 endoplasms
  4 giant cockroaches
  5 goblins
  8 hobgoblins
  7 jackals
  4 kobolds
  4 quokkas
  8 ball pythons
  2 frilled lizards (D:1)
  26 rats
100 creatures vanquished.

Table legend:
 A = Non-vault XP
 B = Vault XP
 C = Vault XP percentage of total XP
 D = Non-vault monster count
 E = Vault monster count
 F = Vault count percentage of total count
                 A         B        C        D         E       F
            +---------+---------+-------+---------+---------+-------
      Total |     561 |     166 |  22.8 |      75 |      25 |  25.0
            +---------+---------+-------+---------+---------+-------
        D:1 |      36 |       6 |  14.3 |      22 |       2 |   8.3
        D:2 |      69 |       4 |   5.5 |      20 |       2 |   9.1
        D:3 |      53 |      56 |  51.4 |      10 |      20 |  66.7
        D:4 |     257 |     100 |  28.0 |      19 |       1 |   5.0
        D:5 |     146 |       0 |   0.0 |       4 |       0 |   0.0
            +---------+---------+-------+---------+---------+-------

Skill      XL: |  1  2  3  4  5  6  7 |
---------------+----------------------+-----
Axes           | 3 4 5 6 8 9 10 | 10.0
Fighting       | |  3.6
Armour         | |  3.2
Shields        | |  3.2

Action                     |  1- 3 |  4- 6 |  7- 9 || total
---------------------------+-------+-------+-------++-------
  Melee: War axe           |    80 |   174 |    16 ||   270
  Evoke: Wand              |       |     1 |       ||     1
    Use: Scroll            |     4 |     6 |     1 ||    11
         Potion            |       |       |     1 ||     1
 Armour: Scale mail        |    59 |   110 |    17 ||   186
  Dodge: Dodged            |    71 |    61 |     5 ||   137
  Block: Buckler           |    22 |    33 |     4 ||    59

Illustrated notes

Table legend:
 A = Kills in this place as a percentage of kills in the entire game.
 B = Kills by you in this place as a percentage of kills by you in the entire game.
 C = Kills by friends in this place as a percentage of kills by friends in the entire game.
 D = Other kills in this place as a percentage of other kills in the entire game.
 E = Experience gained in this place as a percentage of experience gained in the entire game.
 F = Experience gained in this place divided by the number of levels of this place that you have seen.
                   A       B       C       D       E      F
               +-------+-------+-------+-------+-------+----------------------
         Total | 100.0 | 100.0 |   N/A |   N/A | 100.0 | 145.4
       Dungeon | 100.0 | 100.0 |   N/A |   N/A | 100.0 | 145.4
               +-------+-------+-------+-------+-------+----------------------

Table legend: (Time is in decaauts)
 A = Elapsed time spent in this place.
 B = Non-inter-level travel time spent in this place.
 C = Inter-level travel time spent in this place.
 D = Time resting spent in this place.
 E = Time spent auto-exploring this place.
 F = Levels seen in this place.
 G = Mean time per level.
                   A        B        C        D        E       F      G
               +--------+--------+--------+--------+--------+-----+--------+
         Total |   2993 |   2910 |     83 |     93 |   2209 |   5 |  598.6 |
       Dungeon |   2993 |   2910 |     83 |     93 |   2209 |   5 |  598.6 |
               +--------+--------+--------+--------+--------+-----+--------+

Top non-repeatable levels by time:
     D:4: 998 daAuts
     D:3: 695 daAuts
     D:1: 663 daAuts
     D:2: 475 daAuts
     D:5: 160 daAuts
